 Dungeon Crawl Stone Soup version 0.31-a0-1074-g0b22e4e0f1 (webtiles) character file.

Game seed: 2077796468604599944

87 zxpr0jk the Ducker (level 4, -3/35 HPs)
             Began as a Vampire Gladiator on Dec 1, 2023.
             Killed from afar by Grinder the smoke demon (21 damage)
             ... with a ball of steam
             ... on level 3 of the Dungeon.
             The game lasted 00:05:44 (2058 turns).

zxpr0jk the Ducker (Vampire Gladiator)              Turns: 2058, Time: 00:05:46

Health: -3/35      AC: 14    Str: 14 (15) XL:     4   Next: 28%
Magic:  4/4        EV:  7    Int:  9 (10) God:
Gold:   128        SH:  0    Dex: 13 (15) Spells: 3/3 levels left

rFire   . . .        a - +0 long sword
rCold   . . .        (no shield)
rNeg    . . .        p - +0 storm dragon scales
rPois   .            c - +0 helmet
rElec   +            (no cloak)
rCorr   .            i - +2 pair of gloves
SInv    +            (no boots)
Will    .....        (no amulet) Stlth
                     (no ring)
HPRegen 0.45/turn    (no ring)
MPRegen 0.09/turn

%: no passive effects
@: healing quickly, invisible
A: alive, fangs 3, see invisible, vampiric 2
a: Exsanguinate


You were on level 3 of the Dungeon.
You visited 1 branch of the dungeon, and saw 3 of its levels.

You collected 128 gold pieces.

Inventory:

Hand Weapons
 a - a +0 long sword (weapon)
 g - a +0 scimitar
Missiles
 e - a javelin
Armour
 b - a +0 leather armour
 c - a +0 helmet (worn)
 i - a +2 pair of gloves (worn)
 j - a +0 scale mail
 p - +0 storm dragon scales (worn)
Wands
 o - a wand of polymorph (7)
 q - a wand of charming (9)
Scrolls
 f - 2 scrolls of blinking {unknown}
 k - 2 scrolls of noise {unknown}
 l - 2 scrolls of identify {unknown}
Potions
 h - a potion of degeneration
 n - a potion of attraction {unknown}


   Skills:
 * Level 3.0 Fighting
 + Level 3.4 Long Blades
 - Level 1.5 Throwing
 * Level 0.0 Armour
 * Level 4.4 Dodging


You had 3 spell levels left.
You didn't know any spells.
Your spell library was empty.

Dungeon Overview and Level Annotations

Branches:
Dungeon (3/15)

Altars:

Annotations:
D:3 1 runed translucent door, Grinder; olddryhag's ghost, amateur GnWn


Innate Abilities, Weirdness & Mutations

Your natural rate of healing is accelerated.
You have razor-sharp teeth.
You have supernaturally acute eyesight. (SInv)
You are afflicted with vampirism and can become a bat while bloodless.


Message History

You hit Grinder but do no damage.
Grinder is lightly wounded.
Grinder says, "Wait up."
Grinder hits you but does no damage.
You barely miss Grinder.
Grinder is lightly wounded.
Grinder gestures at you.
Something tries to feed on your intellect!
Press: ? - help, v - describe, . - travel, g - get item
Here: Grinder the neqoxec (lightly wounded)
Items here: 2 throwing nets; a +0 dagger.
The floor.
Found a stone staircase leading down.
Aiming: Polymorph
Press: ? - help, Shift-Dir - straight line, f/p - Grinder
Aim: Grinder the neqoxec (lightly wounded, will become a ynoxinul, a smoke demon, or a red devil, chance to affect: 31%) Grinder the neqoxec evaporates and reforms as a smoke demon!
Grinder hits you but does no damage. x3
It was a potion of degeneration.
There was something very wrong with that liquid.
You feel weakened.
You feel dopey.
You feel clumsy. Grinder hits you but does no damage. x3
It was a potion of invisibility.
You fade into invisibility!
Grinder hits you but does no damage. Grinder hits you. x2
You closely miss Grinder. Grinder hits you but does no damage. x2
Grinder hits you.
You hit Grinder but do no damage. Grinder hits you but does no damage. x2
Grinder barely misses you.
You barely miss Grinder. You bite Grinder, but do no damage.
Grinder hits you but does no damage. Grinder hits you.
Grinder hits you but does no damage.
You hit Grinder. You punch Grinder, but do no damage.
Grinder is lightly wounded.
Grinder closely misses you. Grinder hits you. Grinder barely misses you.
Grinder gestures at you. The ball of steam hits you!!
Ouch! That really hurt!
You die...
Grinder says, "Now the real fun starts!"

. # #.###.####### ...
#. #.#.........#
....#.###.#.#.#####.#
..........#.#.#
......K..K#.#.#
.....####b#...# ....
#S###.# . #3# #.# #@#
#.# #.....# ..###.#
>..# #####


You could see Grinder the smoke demon (unable to see you), an adder (unable to
see you), a bat and a kobold (unable to see you).

Vanquished Creatures
  Ijyb (D:3)
  An adder (D:2)
  A dart slug (D:2)
  8 ball pythons
  4 bats
  A giant cockroach (D:1)
  3 hobgoblins (D:2)
  3 jackals (D:3)
  A quokka (D:1)
  2 frilled lizards (D:2)
  13 goblins
  3 kobolds
  6 rats
47 creatures vanquished.

Notes
Turn   | Place    | Note
-------+----------+-------------------------------------------
     0 | D:1      | zxpr0jk the Vampire Gladiator began the quest for the Orb.
     0 | D:1      | Reached XP level 1. HP: 16/16 MP: 1/1
   238 | D:1      | Reached XP level 2. HP: 22/22 MP: 2/2
   781 | D:2      | Found a faded altar of an unknown god.
  1012 | D:2      | You fall into a shaft and drop 1 floor!
  1161 | D:2      | Gained mutation: You are afflicted with vampirism and can
                  | become a bat while bloodless. [Vampire growth]
  1161 | D:2      | Reached XP level 3. HP: 28/28 MP: 3/3
  1190 | D:2      | Reached skill level 4 in Dodging
  1764 | D:3      | Noticed Ijyb
  1825 | D:3      | Killed Ijyb
  1826 | D:3      | Reached XP level 4. HP: 34/34 MP: 4/4
  1888 | D:3      | Found a runed translucent door.
  1891 | D:3      | Noticed a bullfrog
  1893 | D:3      | Noticed olddryhag's ghost (amateur GnWn)
  2025 | D:3      | Noticed Grinder
  2046 | D:3      | Grinder changed into Grinder the neqoxec
  2046 | D:3      | Noticed Grinder
  2052 | D:3      | Grinder the neqoxec changed into Grinder the smoke demon
  2052 | D:3      | Noticed Grinder
  2058 | D:3      | Killed from afar by Grinder the smoke demon

Illustrated notes

Levels and vault maps discovered:
D:1:      lightli_arrival_quake, layout_basic
D:2:      layout_basic, hellmonk_ecumenical_altar_lost_god
D:3:      kennysheep_goblin_castle, layout_basic,
          mainiacjoe_overflow_catwalk_spiral, ebering_ghost_sewer_f,
          minmay_box_of_dots, uniq_grinder, uniq_crazy_yiuf_cottage

Skill      XL: |  1  2  3  4 |
---------------+-------------+-----
Fighting       | 2 3 |  3.0
Dodging        | 4 |  4.4
Long Blades    | |  3.4
Throwing       | |  1.5

Action                     |  1- 3 |  4- 6 || total
---------------------------+-------+-------++-------
  Melee: Long sword        |    98 |    35 ||   133
         Bite              |     6 |     5 ||    11
         Punch             |     2 |     1 ||     3
  Throw: Throwing net      |       |     3 ||     3
  Evoke: Wand              |       |     2 ||     2
    Use: Potion            |       |     2 ||     2
   Stab: Held in net/web   |       |     2 ||     2
 Armour: Leather armour    |    59 |     1 ||    60
         Skin              |     2 |       ||     2
         Storm dragon scal |       |    43 ||    43
  Dodge: Dodged            |    85 |    20 ||   105

Table legend: (Time is in decaauts)
 A = Elapsed time spent in this place.
 B = Non-inter-level travel time spent in this place.
 C = Inter-level travel time spent in this place.
 D = Time resting spent in this place.
 E = Time spent auto-exploring this place.
 F = Levels seen in this place.
 G = Mean time per level.
                   A        B        C        D        E       F      G
               +--------+--------+--------+--------+--------+-----+--------+
         Total |   2078 |   2014 |     64 |      9 |   1598 |   3 |  692.7 |
       Dungeon |   2078 |   2014 |     64 |      9 |   1598 |   3 |  692.7 |
               +--------+--------+--------+--------+--------+-----+--------+

Top non-repeatable levels by time:
     D:2: 940 daAuts
     D:1: 727 daAuts
     D:3: 410 daAuts
